 Dungeon Crawl Stone Soup version 0.23-a0-329-g6f3f904 (webtiles) character file.

1227 epen the Quickloader (level 8, -12/64 HPs)
             Began as a Gnoll Hunter on Oct 16, 2018.
             Was an Initiate of Dithmenos.
             Killed from afar by Dowan (15 damage)
             ... with a stone arrow
             ... on level 6 of the Dungeon.
             The game lasted 00:10:45 (5822 turns).

epen the Quickloader (Gnoll Hunter)                 Turns: 5822, Time: 00:10:45

Health: -12/64     AC:  6    Str: 14 (16) XL:     8   Next: 48%
Magic:  12/12      EV: 14    Int: 10 (13) God:    Dithmenos [......]
Gold:   173        SH:  0    Dex: 16 (17) Spells: 13/13 levels left

rFire    . . .     SeeInvis +   b - +0 short sword
rCold    . . .     Gourm    .   (no shield)
rNeg     . . .     Faith    .   e - +1 ring mail
rPois    +         Spirit   .   (no helmet)
rElec    .         Reflect  .   (no cloak)
rCorr    .         Harm     .   (no gloves)
MR       .....                  (no boots)
Stlth    ++........             (no amulet)
HPRegen  0.20/turn              g - ring of poison resistance
MPRegen  0.13/turn              q - ring of see invisible

@: no status effects
A: distributed training, fangs 1, strong nose
a: Renounce Religion


You were on level 6 of the Dungeon.
You worshipped Dithmenos.
Dithmenos was noncommittal.
You were not hungry.

You visited 2 branches of the dungeon, and saw 7 of its levels.

You collected 173 gold pieces.

Inventory:

Hand Weapons
 a - a +1 hand crossbow
 b - a +0 short sword (weapon)
 o - a +1 whip of flaming
Missiles
 d - a bolt
Armour
 c - a +0 leather armour
 e - a +1 ring mail (worn)
 k - a +0 animal skin
Jewellery
 g - a ring of poison resistance (left hand)
 q - a ring of see invisible (right hand)
 w - a +3 ring of protection {unknown}
Wands
 s - a wand of enslavement (11)
 u - a wand of scattershot (4)
Scrolls
 h - a scroll of enchant armour
 j - a scroll of amnesia
 l - 5 scrolls of remove curse
 v - a scroll of teleportation
 x - a scroll of fog {unknown}
Potions
 i - a potion of heal wounds {unknown}
 m - 4 potions of brilliance
 n - 2 potions of ambrosia {unknown}
 p - 2 potions of haste
 r - a potion of degeneration
Comestibles
 f - 2 rations


   Skills:
 + Level 5.6 Fighting
 + Level 3.2 Short Blades
 + Level 3.2 Long Blades
 + Level 3.2 Axes
 + Level 3.2 Maces & Flails
 + Level 3.2 Polearms
 + Level 3.2 Staves
 + Level 3.2 Slings
 + Level 3.2 Bows
 + Level 9.1 Crossbows
 + Level 3.2 Throwing
 + Level 3.2 Armour
 + Level 5.6 Dodging
 + Level 4.0 Stealth
 + Level 3.2 Shields
 + Level 3.2 Unarmed Combat
 + Level 3.2 Spellcasting
 + Level 2.6 Conjurations
 + Level 2.6 Hexes
 + Level 2.6 Charms
 + Level 2.6 Summonings
 + Level 2.6 Necromancy
 + Level 2.6 Translocations
 + Level 2.6 Transmutations
 + Level 2.6 Fire Magic
 + Level 2.6 Ice Magic
 + Level 2.6 Air Magic
 + Level 2.6 Earth Magic
 + Level 2.6 Poison Magic
 + Level 3.5 Invocations
 + Level 3.2 Evocations


You had 13 spell levels left.
You didn't know any spells.
Your spell library contained the following spells:

 Spells                   Type           Power        Failure   Level  Hunger
 Magic Dart               Conj           #...         19%         1    #......
 Blink                    Tloc           N/A          28%         2    ###....
 Call Imp                 Summ           #.......     28%         2    ###....
 Slow                     Hex            #.......     28%         2    ###....
 Conjure Flame            Conj/Fire      #.......     50%         3    ###....
 Mephitic Cloud           Conj/Pois/Air  #.......     50%         3    ###....


Dungeon Overview and Level Annotations

Branches:
Dungeon (6/15)             Temple (1/1) D:5

Altars:
Ashenzari
Cheibriados
Dithmenos
Elyvilon
Fedhas
Gozag
Kikubaaqudgha
Makhleb
Nemelex Xobeh
Okawaru
Qazlal
Ru
Sif Muna
Trog
Uskayaw
Vehumet
Xom
Yredelemnul
Zin
The Shining One

Annotations:
D:6 Dowan


Innate Abilities, Weirdness & Mutations

Your experience applies equally to all skills.
You have very sharp teeth.
Your uncanny sense of smell can sniff out nearby items.


Message History

The shard of ice hits you! Dowan misses you.
You are too injured to fight recklessly!
You are too injured to fight recklessly!
You barely miss Dowan. You bite Dowan, but do no damage.
Dowan is severely wounded.
Dowan casts a spell at you. The shard of ice hits you!
* * * LOW HITPOINT WARNING * * *
You closely miss Dowan. You bite Dowan.
Dowan is severely wounded.
Dowan casts a spell at you. The stone arrow hits you!
* * * LOW HITPOINT WARNING * * *
It was a potion of degeneration.
There was something very wrong with that liquid.
You feel weakened.
You feel dopey.
You feel clumsy.
Dowan breathes, "And she was my only..."
Dowan points at you and mumbles some strange words.
The stone arrow hits you!
You die...

.##............#.#
......#..#.......# .
#........###.### .
#........<.....#
.##.<......###.#.#
..#.#.#......#.#.#
#.#...#.##.#.#.#.#######
......................>#
#..........#.###@#####.#
#.....######.# #e#
#.....# #.##### #.....#
#(....#
#.....#####.....####.#
#......).##..?.. #.#
#...#.##(##..... #.###
....#.#.........
#oo.#+######
##..#.#.........
##o........# .


You could see Dowan.

Vanquished Creatures
  Sigmund (D:3)
  Menkaure (D:4)
  Duvessa (D:6)
  A slave (D:4)
  A phantom (D:5)
  A centaur (D:5)
  A bullfrog (D:6)
  A scorpion (D:3)
  3 crimson imps (D:5)
  A bullfrog zombie (D:5)
  A hound (D:6)
  3 iguanas
  2 jellies
  A bullfrog skeleton (D:5)
  3 worker ants
  A hound zombie (D:3)
  A worker ant zombie (D:5)
  7 adders
  A shadow imp (D:5)
  2 oozes
  An adder zombie (D:5)
  A worm (D:3)
  3 dart slugs
  A leopard gecko (D:4)
  6 orcs
  A ball python (D:1)
  5 bats
  3 giant cockroaches
  4 hobgoblins
  3 quokkas
  5 frilled lizards
  3 goblins
  7 kobolds
  5 rats
82 creatures vanquished.

Vanquished Creatures (others)
  Pikel (D:4)
1 creature vanquished.

Grand Total: 83 creatures vanquished

Notes
Turn   | Place    | Note
-------+----------+-------------------------------------------
     0 | D:1      | epen the Gnoll Hunter began the quest for the Orb.
     0 | D:1      | Reached XP level 1. HP: 20/20 MP: 1/1
   249 | D:1      | Reached XP level 2. HP: 26/26 MP: 2/2
   670 | D:2      | Reached XP level 3. HP: 31/31 MP: 3/3
   779 | D:2      | Reached skill level 1 in Invocations
   938 | D:2      | Reached skill level 1 in Short Blades
   938 | D:2      | Reached skill level 1 in Long Blades
   938 | D:2      | Reached skill level 1 in Axes
   938 | D:2      | Reached skill level 1 in Maces & Flails
   938 | D:2      | Reached skill level 1 in Polearms
   938 | D:2      | Reached skill level 1 in Staves
   938 | D:2      | Reached skill level 1 in Slings
   938 | D:2      | Reached skill level 1 in Bows
   938 | D:2      | Reached skill level 1 in Throwing
   938 | D:2      | Reached skill level 1 in Armour
   938 | D:2      | Reached skill level 1 in Shields
   938 | D:2      | Reached skill level 1 in Unarmed Combat
   938 | D:2      | Reached skill level 1 in Spellcasting
   938 | D:2      | Reached skill level 1 in Evocations
   938 | D:2      | Reached XP level 4. HP: 38/38 MP: 5/5
  1175 | D:3      | Noticed Sigmund
  1210 | D:3      | Killed Sigmund
  1210 | D:3      | Reached skill level 1 in Conjurations
  1210 | D:3      | Reached skill level 1 in Hexes
  1210 | D:3      | Reached skill level 1 in Charms
  1210 | D:3      | Reached skill level 1 in Summonings
  1210 | D:3      | Reached skill level 1 in Necromancy
  1210 | D:3      | Reached skill level 1 in Translocations
  1210 | D:3      | Reached skill level 1 in Transmutations
  1210 | D:3      | Reached skill level 1 in Fire Magic
  1210 | D:3      | Reached skill level 1 in Ice Magic
  1210 | D:3      | Reached skill level 1 in Air Magic
  1210 | D:3      | Reached skill level 1 in Earth Magic
  1210 | D:3      | Reached skill level 1 in Poison Magic
  1210 | D:3      | Reached XP level 5. HP: 41/43 MP: 5/7
  1210 | D:3      | Reached XP level 6. HP: 48/50 MP: 5/8
  1463 | D:3      | Reached skill level 5 in Fighting
  1463 | D:3      | Reached skill level 5 in Dodging
  1957 | D:4      | Noticed Menkaure
  1961 | D:4      | Killed Menkaure
  1961 | D:4      | Reached XP level 7. HP: 43/56 MP: 10/10
  1994 | D:4      | Found a sacrificial altar of Ru.
  1994 | D:4      | Found an opulent altar of Gozag.
  2190 | D:4      | Noticed Pikel
  2614 | D:4      | Killed Pikel
  2850 | D:5      | Entered Level 5 of the Dungeon
  2894 | D:5      | You fall through a shaft!
  3314 | D:6      | Noticed Dowan
  3316 | D:6      | Noticed Duvessa
  3823 | D:5      | Found a staircase to the Ecumenical Temple.
  3829 | Temple   | Entered the Ecumenical Temple
  3839 | Temple   | Became a worshipper of Dithmenos the Shadowed
  3995 | D:5      | Reached skill level 9 in Crossbows
  4234 | D:5      | Reached XP level 8. HP: 58/63 MP: 12/12
  4725 | D:5      | Found a shattered altar of Ashenzari.
  5518 | D:6      | Killed Duvessa
  5821 | D:6      | HP: 3/64 [Dowan/stone arrow (5)]
  5822 | D:6      | Killed from afar by Dowan

Vault maps used:
D:1:      eino_arrival_tree_alley, interstate_on_off, chequers_big_river,
          minmay_misc_feat_roman
D:3:      minivault_26, uniq_sigmund
D:4:      grunt_temple_overflow_open, uniq_pikel, uniq_menkaure
D:5:      minmay_temple_entry_fiery, first_ration, basic_altar,
          chequers_serial_rivers_large_a, minmay_misc_feat_five
D:6:      uniq_duvessa
Temple:   nicolae_temple_no_exploring_needed

Skill      XL: |  1  2  3  4  5  6  7  8 |
---------------+-------------------------+-----
Invocations    | 1 2 3 |  3.5
Short Blades   | 1 2 3 |  3.2
Long Blades    | 1 2 3 |  3.2
Axes           | 1 2 3 |  3.2
Maces & Flails | 1 2 3 |  3.2
Polearms       | 1 2 3 |  3.2
Staves         | 1 2 3 |  3.2
Slings         | 1 2 3 |  3.2
Bows           | 1 2 3 |  3.2
Throwing       | 1 2 3 |  3.2
Armour         | 1 2 3 |  3.2
Shields        | 1 2 3 |  3.2
Unarmed Combat | 1 2 3 |  3.2
Spellcasting   | 1 2 3 |  3.2
Evocations     | 1 2 3 |  3.2
Conjurations   | 1 2 |  2.6
Hexes          | 1 2 |  2.6
Charms         | 1 2 |  2.6
Summonings     | 1 2 |  2.6
Necromancy     | 1 2 |  2.6
Translocations | 1 2 |  2.6
Transmutations | 1 2 |  2.6
Fire Magic     | 1 2 |  2.6
Ice Magic      | 1 2 |  2.6
Air Magic      | 1 2 |  2.6
Earth Magic    | 1 2 |  2.6
Poison Magic   | 1 2 |  2.6
Stealth        | 3 4 |  4.0
Fighting       | 5 |  5.6
Dodging        | 5 |  5.6
Crossbows      | 9 |  9.1

Action                   |  1- 3 |  4- 6 |  7- 9 || total
-------------------------+-------+-------+-------++-------
Melee: Short sword       |    11 |       |   109 ||   120
       Bite              |     1 |       |    41 ||    42
       Whip              |       |       |   232 ||   232
       Punch             |       |       |     4 ||     4
 Fire: Hand crossbow     |    48 |    62 |    45 ||   155
Evoke: Wand              |       |       |     1 ||     1
  Use: Scroll            |       |       |     8 ||     8
       Potion            |       |       |     2 ||     2
 Stab: Sleeping          |       |       |     1 ||     1
  Eat: Chunk             |       |     3 |       ||     3
       Ration            |       |       |     4 ||     4
Armor: Ring mail         |     8 |     8 |    62 ||    78
Dodge: Dodged            |    15 |     5 |   204 ||   224

Table legend:
 A = Non-vault XP
 B = Vault XP
 C = Vault XP percentage of total XP
 D = Non-vault monster count
 E = Vault monster count
 F = Vault count percentage of total count
                 A         B        C        D         E       F
            +---------+---------+-------+---------+---------+-------
      Total |    1216 |     537 |  30.6 |      78 |       3 |   3.7
            +---------+---------+-------+---------+---------+-------
        D:1 |      20 |       0 |   0.0 |      11 |       0 |   0.0
        D:2 |      71 |       0 |   0.0 |      19 |       0 |   0.0
        D:3 |     158 |     223 |  58.5 |      18 |       1 |   5.3
        D:4 |      36 |     172 |  82.7 |       2 |       1 |  33.3
        D:5 |     598 |       0 |   0.0 |      16 |       0 |   0.0
        D:6 |     333 |     142 |  29.9 |      12 |       1 |   7.7
            +---------+---------+-------+---------+---------+-------
